3AAA
WILMINGTON BAY HAWKS @ PORT ROYAL DISASTER
08/10/2024
 
TOP OF THE 1ST
Wilmington Bay Hawks batting - Pitching for Port Royal Disaster : RHP Miguel Hernández
Pitching: RHP Miguel Hernández
Batting: SHB Shawn Sánchez 0-0: Called Strike
0-1: Bunt missed!
0-2: Foul Ball, location: 2F
0-2: Foul Ball, location: 2F
0-2: Strikes out swinging
Batting: RHB José Ramos 0-0: Foul Ball, location: 2F
0-1: Foul Ball, location: 2F
0-2: Ball
1-2: Ball
2-2: Foul Ball, location: 2F
2-2: Strikes out swinging
Batting: RHB Phil Terry 0-0: Swinging Strike
0-1: Called Strike
0-2: Ball
1-2: Ball
2-2: Fly out, F8 (Flyball, 8RXD)
Top of the 1st over - 0 run(s), 0 hit(s), 0 error(s), 0 left on base; Wilmington 0 - Port Royal 0
BOTTOM OF THE 1ST
Port Royal Disaster batting - Pitching for Wilmington Bay Hawks : RHP Drake Riley
Pitching: RHP Drake Riley
Batting: RHB Sergio Martínez 0-0: Ball
1-0: Called Strike
1-1: Ball
2-1: Ball
3-1: Foul Ball, location: 2F
3-2: Ground out 6-3 (Groundball, 6M)
Batting: LHB Frank Wentworth 0-0: Foul Ball, location: 2F
0-1: DOUBLE (Line Drive, 9LM)
Batting: RHB David Gómez 0-0: Ball
1-0: Swinging Strike
1-1: Fly out, F7 (Flyball, 7M)
Batting: RHB José Carlos Pérez 0-0: Foul Ball, location: 2F
0-1: Fly out, F9 (Flyball, 9LM)
Bottom of the 1st over - 0 run(s), 1 hit(s), 0 error(s), 1 left on base; Wilmington 0 - Port Royal 0
TOP OF THE 2ND
Wilmington Bay Hawks batting - Pitching for Port Royal Disaster : RHP Miguel Hernández
Batting: RHB Raúl Javier Jr. 0-0: Foul Ball, location: 2F
0-1: Ball
1-1: Foul Ball, location: 2F
1-2: Foul Ball, location: 2F
1-2: Ball
2-2: Strikes out swinging
Batting: RHB Artie Miller 0-0: SOLO HOME RUN (Flyball, 78XD), Distance : 403 ft
Batting: LHB Phil Parkinson 0-0: Called Strike
0-1: Ball
1-1: Called Strike
1-2: Strikes out swinging
Batting: RHB Raúl Guerrero 0-0: Ball
1-0: Called Strike
1-1: Ground out 4-3 (Groundball, 4)
Top of the 2nd over - 1 run(s), 1 hit(s), 0 error(s), 0 left on base; Wilmington 1 - Port Royal 0
BOTTOM OF THE 2ND
Port Royal Disaster batting - Pitching for Wilmington Bay Hawks : RHP Drake Riley
Batting: RHB Juan Ávila 0-0: Ball
1-0: Called Strike
1-1: Ball
2-1: Called Strike
2-2: Ball
3-2: Foul Ball, location: 2F
3-2: Foul Ball, location: 2F
3-2: Foul Ball, location: 2F
3-2: SINGLE (Line Drive, 56D)
Batting: RHB Ronnie Cleveland 0-0: Called Strike
0-1: Fly out, F7 (Flyball, 7D)
Batting: LHB José Martínez 0-0: Called Strike
0-1: Ball
1-1: Ball
2-1: Fly out, F9 (Flyball, 9LMF)
Batting: RHB Brandon Cooper 0-0: Called Strike
0-1: Foul Ball, location: 2F
0-2: Ball
1-2: Ball
2-2: Ball
3-2: SINGLE (Groundball, 6MD)
Juan Ávila to second
Juan Ávila to third
Batting: RHB Mark O'Monaghan 0-0: Foul Ball, location: 2F
0-1: Ball
1-1: Ball
2-1: Foul Ball, location: 2F
2-2: Foul Ball, location: 2F
2-2: Ball
3-2: Foul Ball, location: 2F
3-2: Base on Balls
Brandon Cooper to second
Batting: RHB Sergio Martínez 0-0: Ball
1-0: Foul Ball, location: 2F
1-1: Fly out, F8 (Flyball, 8RS)
Bottom of the 2nd over - 0 run(s), 2 hit(s), 0 error(s), 3 left on base; Wilmington 1 - Port Royal 0
TOP OF THE 3RD
Wilmington Bay Hawks batting - Pitching for Port Royal Disaster : RHP Miguel Hernández
Batting: RHB Clarence Therrien 0-0: Ball
1-0: Called Strike
1-1: Ball
2-1: Foul Ball, location: 2F
2-2: Fly out, F7 (Flyball, 78M)
Batting: LHB Dave Smerdon 0-0: Ball
1-0: Ball
2-0: Ball
3-0: Called Strike
3-1: Fly out, F8 (Flyball, 8LD)
Batting: SHB Shawn Sánchez 0-0: Called Strike
0-1: Ball
1-1: Bunted foul
1-2: Foul Ball, location: 2F
1-2: Strikes out swinging
Top of the 3rd over - 0 run(s), 0 hit(s), 0 error(s), 0 left on base; Wilmington 1 - Port Royal 0
BOTTOM OF THE 3RD
Port Royal Disaster batting - Pitching for Wilmington Bay Hawks : RHP Drake Riley
Batting: LHB Frank Wentworth 0-0: Called Strike
0-1: Foul Ball, location: 2F
0-2: SINGLE (Groundball, 5D)
Batting: RHB David Gómez 0-0: Called Strike
0-1: Foul Ball, location: 2F
0-2: Ball
1-2: Ground out 6-3 (Groundball, 6MS)
Frank Wentworth to second
Batting: RHB José Carlos Pérez 0-0: Ball
1-0: Ground out 5-3 (Groundball, 5S)
Frank Wentworth to third
Batting: RHB Juan Ávila 0-0: Ball
1-0: Fly out, F2 (Popup, 3SF)
Bottom of the 3rd over - 0 run(s), 1 hit(s), 0 error(s), 1 left on base; Wilmington 1 - Port Royal 0
TOP OF THE 4TH
Wilmington Bay Hawks batting - Pitching for Port Royal Disaster : RHP Miguel Hernández
Batting: RHB José Ramos 0-0: Ground out 5-3 (Groundball, 56S)
Batting: RHB Phil Terry 0-0: Called Strike
0-1: Called Strike
0-2: Ball
1-2: Strikes out swinging
Batting: RHB Raúl Javier Jr. 0-0: Called Strike
0-1: Ball
1-1: Ball
2-1: Ball
3-1: Foul Ball, location: 2F
3-2: Fly out, F9 (Flyball, 9S)
Top of the 4th over - 0 run(s), 0 hit(s), 0 error(s), 0 left on base; Wilmington 1 - Port Royal 0
BOTTOM OF THE 4TH
Port Royal Disaster batting - Pitching for Wilmington Bay Hawks : RHP Drake Riley
Batting: RHB Ronnie Cleveland 0-0: Ball
1-0: Ball
2-0: Ball
3-0: Base on Balls
Batting: LHB José Martínez 0-0: Called Strike
0-1: Ball
1-1: Ball
2-1: Fly out, F7 (Line Drive, 7M)
Batting: RHB Brandon Cooper 0-0: Ball
1-0: Foul Ball, location: 2F
1-1: Ball
2-1: Foul Ball, location: 2F
2-2: Foul Ball, location: 2F
2-2: Fly out, F9 (Flyball, 9S)
Batting: RHB Mark O'Monaghan 0-0: Called Strike
0-1: Ball
1-1: Ball
2-1: Ball
3-1: SINGLE (Groundball, 5D)
Ronnie Cleveland to second
Batting: RHB Sergio Martínez 0-0: Called Strike
0-1: Ground out 4-3 (Groundball, 4)
Bottom of the 4th over - 0 run(s), 1 hit(s), 0 error(s), 2 left on base; Wilmington 1 - Port Royal 0
TOP OF THE 5TH
Wilmington Bay Hawks batting - Pitching for Port Royal Disaster : RHP Miguel Hernández
Batting: RHB Artie Miller 0-0: Swinging Strike
0-1: Ball
1-1: Ball
2-1: Ball
3-1: Base on Balls
Batting: LHB Phil Parkinson 0-0: Ball
1-0: Sac Bunt - play at first, batter OUT! 1-4
Artie Miller to second
Batting: RHB Raúl Guerrero 0-0: Swinging Strike
0-1: Foul Ball, location: 2F
0-2: Strikes out swinging
Batting: RHB Clarence Therrien 0-0: Ground out 5-3 (Groundball, 5)
Top of the 5th over - 0 run(s), 0 hit(s), 0 error(s), 1 left on base; Wilmington 1 - Port Royal 0
BOTTOM OF THE 5TH
Port Royal Disaster batting - Pitching for Wilmington Bay Hawks : RHP Drake Riley
Batting: LHB Frank Wentworth 0-0: Foul Ball, location: 2F
0-1: Ball
1-1: Ball
2-1: Ball
3-1: Swinging Strike
3-2: Foul Ball, location: 2F
3-2: Ground out 1-3 (Groundball, 15)
Batting: RHB David Gómez 0-0: Called Strike
0-1: Foul Ball, location: 2F
0-2: SINGLE (Groundball, 23) (infield hit)
Batting: RHB José Carlos Pérez 0-0: Ball
1-0: Ball
2-0: Called Strike
2-1: SINGLE (Groundball, 56D)
David Gómez to second
Batting: RHB Juan Ávila 0-0: Foul Ball, location: 2F
0-1: Ball
1-1: Foul Ball, location: 2F
1-2: Ball
2-2: Strikes out swinging
Batting: RHB Ronnie Cleveland 0-0: Ball
1-0: Foul Ball, location: 2F
1-1: DOUBLE (Flyball, 78XD)
David Gómez scores
José Carlos Pérez to third
Runner from 3rd tries for Home, SAFE, no throw or cutoff
Batting: LHB José Martínez 0-0: Ball
1-0: Ball
2-0: SINGLE (Line Drive, 89S)
Ronnie Cleveland to third
Runner from 3rd tries for Home, SAFE, no throw or cutoff
Batting: RHB Brandon Cooper 0-0: Called Strike
0-1: Swinging Strike
0-2: Ball
1-2: Ball
2-2: Ball
3-2: Foul Ball, location: 2F
3-2: Base on Balls
José Martínez to second
Pitching: RHP Bill Schneider
Batting: RHB Mark O'Monaghan 0-0: Swinging Strike
0-1: Hit by Pitch
José Martínez to third
Brandon Cooper to second
Batting: RHB Sergio Martínez 0-0: Ball
1-0: Ball
2-0: Foul Ball, location: 2F
2-1: SINGLE (Groundball, 4MD)
José Martínez scores
Brandon Cooper to third
Mark O'Monaghan to second
Runner from 3rd tries for Home, SAFE, no throw or cutoff
Batting: LHB Frank Wentworth 0-0: Ball
1-0: Called Strike
1-1: Ball
2-1: Called Strike
2-2: Hit by Pitch
Mark O'Monaghan to third
Sergio Martínez to second
Batting: RHB David Gómez 0-0: Ball
1-0: Fly out, F8 (Flyball, 8RS)
Bottom of the 5th over - 5 run(s), 5 hit(s), 0 error(s), 3 left on base; Wilmington 1 - Port Royal 5
TOP OF THE 6TH
Wilmington Bay Hawks batting - Pitching for Port Royal Disaster : RHP Miguel Hernández
Batting: LHB Dave Smerdon 0-0: Fly out, F9 (Flyball, 9M)
Batting: SHB Shawn Sánchez 0-0: Called Strike
0-1: Swinging Strike
0-2: Strikes out swinging
Batting: RHB José Ramos 0-0: Called Strike
0-1: Ball
1-1: Foul Ball, location: 2F
1-2: Fly out, F8 (Flyball, 8LM)
Top of the 6th over - 0 run(s), 0 hit(s), 0 error(s), 0 left on base; Wilmington 1 - Port Royal 5
BOTTOM OF THE 6TH
Port Royal Disaster batting - Pitching for Wilmington Bay Hawks : RHP Bill Schneider
Batting: RHB José Carlos Pérez 0-0: Ground out 1-3 (Groundball, 13)
Batting: RHB Juan Ávila 0-0: Ball
1-0: Ball
2-0: Ball
3-0: Base on Balls
Batting: RHB Ronnie Cleveland 0-0: Called Strike
0-1: Foul Ball, location: 2F
0-2: Strikes out swinging
Batting: LHB José Martínez 0-0: Ball
1-0: SINGLE (Line Drive, 9S)
Juan Ávila to second
Batting: RHB Brandon Cooper 0-0: Fielders Choice at 2nd, 5-4 (Groundball, 56)
Bottom of the 6th over - 0 run(s), 1 hit(s), 0 error(s), 1 left on base; Wilmington 1 - Port Royal 5
TOP OF THE 7TH
Wilmington Bay Hawks batting - Pitching for Port Royal Disaster : RHP Miguel Hernández
Batting: RHB Phil Terry 0-0: Ball
1-0: Ball
2-0: Foul Ball, location: 2F
2-1: Foul Ball, location: 2F
2-2: Foul Ball, location: 2F
2-2: Foul Ball, location: 2F
2-2: Strikes out swinging
Batting: RHB Raúl Javier Jr. 0-0: Ball
1-0: Called Strike
1-1: Ball
2-1: Foul Ball, location: 2F
2-2: Strikes out swinging
Batting: RHB Artie Miller 0-0: Swinging Strike
0-1: Ball
1-1: SINGLE (Groundball, 56)
Pitching: LHP Aukukero Mincarlie Jr.
Batting: LHB Phil Parkinson 0-0: Ball
1-0: Fly out, F6 (Popup, 5D)
Top of the 7th over - 0 run(s), 1 hit(s), 0 error(s), 1 left on base; Wilmington 1 - Port Royal 5
BOTTOM OF THE 7TH
Port Royal Disaster batting - Pitching for Wilmington Bay Hawks : RHP Bill Schneider
Batting: RHB Mark O'Monaghan 0-0: Hit by Pitch
Batting: RHB Sergio Martínez 0-0: Sac Bunt - play at first, batter OUT! 1-4
Mark O'Monaghan to second
Batting: LHB Frank Wentworth 0-0: Called Strike
0-1: Ground out U3 (Groundball, 3L)
Mark O'Monaghan to third
Batting: RHB David Gómez 0-0: Ball
1-0: Ball
2-0: Ground out 5-3 (Groundball, 56S)
Bottom of the 7th over - 0 run(s), 0 hit(s), 0 error(s), 1 left on base; Wilmington 1 - Port Royal 5
TOP OF THE 8TH
Wilmington Bay Hawks batting - Pitching for Port Royal Disaster : LHP Aukukero Mincarlie Jr.
Batting: RHB Raúl Guerrero 0-0: Ball
1-0: Called Strike
1-1: Ground out 5-3 (Groundball, 6S)
Batting: RHB Clarence Therrien 0-0: Called Strike
0-1: Called Strike
0-2: Ball
1-2: Ball
2-2: Strikes out looking
Batting: LHB Dave Smerdon 0-0: Ball
1-0: Bunted foul
1-1: Swinging Strike
1-2: Strikes out looking
Top of the 8th over - 0 run(s), 0 hit(s), 0 error(s), 0 left on base; Wilmington 1 - Port Royal 5
BOTTOM OF THE 8TH
Port Royal Disaster batting - Pitching for Wilmington Bay Hawks : RHP Bill Schneider
Batting: RHB José Carlos Pérez 0-0: Ball
1-0: Swinging Strike
1-1: SINGLE (Line Drive, 9S)
Batting: RHB Juan Ávila 0-0: Called Strike
0-1: Swinging Strike
0-2: Strikes out looking
Batting: RHB Ronnie Cleveland 0-0: Ball
José Carlos Pérez steals 2nd base
1-0: Foul Ball, location: 2F
1-1: Ball
2-1: Called Strike
2-2: Ball
3-2: Fly out, F4 (Popup, 34D)
Batting: LHB José Martínez 0-0: Called Strike
0-1: Ball
1-1: Ground out 6-3 (Groundball, 6)
Bottom of the 8th over - 0 run(s), 1 hit(s), 0 error(s), 1 left on base; Wilmington 1 - Port Royal 5
TOP OF THE 9TH
Wilmington Bay Hawks batting - Pitching for Port Royal Disaster : LHP Aukukero Mincarlie Jr.
Pitching: RHP Jim Unknown
Batting: SHB Shawn Sánchez 0-0: Called Strike
0-1: Fly out, F4 (Line Drive, 4)
Batting: RHB José Ramos 0-0: Called Strike
0-1: Called Strike
0-2: Foul Ball, location: 2F
0-2: Foul Ball, location: 2F
0-2: Ball
1-2: Strikes out swinging
Batting: RHB Phil Terry 0-0: Foul Ball, location: 2F
0-1: Ball
1-1: Ball
2-1: Called Strike
2-2: Strikes out looking
Top of the 9th over - 0 run(s), 0 hit(s), 0 error(s), 0 left on base; Wilmington 1 - Port Royal 5
This league is powered by Out of the Park Baseball, the baseball management simulation game for PC, Mac and Linux
Monday, October 3rd, 2016 - OOTP Baseball 16.9 Build 39